 Dungeon Crawl Stone Soup version 0.30-a0-567-gf7fd966b4a (webtiles) character file.

Game seed: 17009103559954378432

393 kipponium the Slasher (level 7, -8/48 (55) HPs)
             Began as a Meteoran Reaver on Dec 28, 2022.
             Mangled by an ogre
             ... wielding a +0 giant club
              (18 damage)
             ... on level 4 of the Dungeon.
             The game lasted 00:16:50 (1963 turns).

kipponium the Slasher (Meteoran Reaver)             Turns: 1963, Time: 00:16:51

HP:   -8/48 (55)    AC:  4    Str: 20    XL:     7   Next: 30%
MP:   12/12         EV: 12    Int: 11    God:
Gold: 222           SH:  0    Dex: 18    Spells: 10/11 levels left

rFire   . . .      SeeInvis .    m - +1 dire flail (drain)
rCold   . . .      Faith    .    (shield currently unavailable)
rNeg    . . .      Spirit   .    b - +1 leather armour
rPois   .          Reflect  .    (no helmet)
rElec   .          Harm     .    (no cloak)
rCorr   .          Rampage  .    (no gloves)
Will    .....                    (no boots)
Stlth   +                        r - amulet of regeneration
HPRegen 1.08/turn                c - +6 ring of dexterity
MPRegen 0.13/turn                (no ring)

@: glowing, heavily drained
A: sense surroundings 1, otherworldly, glowing, explore regen, talons 1, dopey
1, strong 1
a: no special abilities


You were on level 4 of the Dungeon.
You visited 1 branch of the dungeon, and saw 4 of its levels.

You collected 222 gold pieces.

Inventory:

Hand Weapons
 a - a +0 falchion
 m - a +1 dire flail of draining (weapon)
Missiles
 e - 4 poisoned darts (quivered)
Armour
 b - a +1 leather armour (worn)
Jewellery
 c - a +6 ring of dexterity (left hand)
 o - a +4 ring of protection
 r - an amulet of regeneration (around neck)
Scrolls
 d - a scroll of magic mapping {unknown}
 f - a scroll of teleportation
 g - 2 scrolls of identify {unknown}
 h - a scroll of enchant armour
 i - a scroll of butterflies
 n - a scroll of amnesia {unknown}
 p - a scroll of vulnerability {unknown}
 q - a scroll of fog {unknown}
Potions
 j - a potion of heal wounds
 k - a potion of might {unknown}
 l - a potion of magic {unknown}


   Skills:
 - Level 2.1 Fighting
 - Level 7.1 Long Blades
 * Level 1.0 Maces & Flails
 - Level 2.4 Dodging
 - Level 2.6 Spellcasting
 * Level 5.1 Conjurations
 * Level 3.1 Necromancy


You had 10 spell levels left.
You knew the following spells:

 Your Spells              Type           Power      Damage    Failure   Level
a - Kiss of Death         Conj/Necr      40%        2d8       6%          1

Your spell library contained the following spells:

 Spells                   Type           Power      Damage    Failure   Level
 Momentum Strike          Conj/Tloc      14%        3d8       17%         2
 Apportation              Tloc           2%         N/A       32%         1
 Hailstorm                Conj/Ice       7%         3d4       34%         3
 Alistair's Intoxication  Tmut/Pois      0%         N/A       100%        5


Dungeon Overview and Level Annotations

Branches:
Dungeon (4/15) Zot: 409
 Temple: D:4-7

Altars:
Dithmenos
Makhleb
Zin
The Shining One

Shops:
D:1 [


Innate Abilities, Weirdness & Mutations

You passively map a small area around you.
You are easily found by Zot.
You glow in the dark.
You regain HP and MP as you explore.
You have sharp toenails.
You are dopey. (Int -2)
Your muscles are strong. (Str +4, Int/Dex -1)


Message History

You closely miss the ball python. Your kick misses the ball python.
The ball python bites you. The ball python constricts you.
You hit the ball python.
You kill the ball python!
No target in view!
An ogre comes into view. It is wielding a +0 giant club.
Found a scroll labelled UHOERR LECOR.
Found a stone staircase leading down.
The ogre shouts!
You hear a shout!
A hobgoblin comes into view.
Throw: 6 darts (poison)
Press: ? - help, Q - select action, (/) - cycle Shift-Dir - straight line, f - ogre
Aim: an ogre, wielding a +0 giant club (76% to hit)
You throw a poisoned dart.
The poisoned dart closely misses the ogre.
Throw: 5 darts (poison)
Press: ? - help, Q - select action, (/) - cycle Shift-Dir - straight line, f/p - ogre
Aim: an ogre, wielding a +0 giant club (76% to hit)
You throw a poisoned dart. The poisoned dart hits the ogre.
The ogre is poisoned.
You sock the ogre!
The ogre is heavily wounded.
The ogre hits you with a +0 giant club!
You barely miss the ogre. Your kick misses the ogre.
The ogre is heavily wounded.
The ogre hits you with a +0 giant club!!
You are too injured to fight recklessly!
You are too injured to fight recklessly!
You are too injured to fight recklessly!
You are too injured to fight recklessly!
You hit the ogre. You drain the ogre.
The ogre is severely wounded.
The ogre hits you with a +0 giant club!
* * * LOW HITPOINT WARNING * * *
You closely miss the ogre. You claw the ogre.
The ogre is almost dead.
The ogre looks more healthy.
You hit the ogre. You claw the ogre, but do no damage.
The ogre is almost dead.
The ogre hits you with a +0 giant club!!
You die...

* * *#.####.#...#..# #
#......#.###...##
#.########....# #.....
,
#.......#.....####..##
* #####.#......####.#*
#........###.......# *
#.##........######..
##.##.######.........
#(gO@.# ########..
.....[#### ##. .....,
#. ...^* #. .>. , * .?
, , , , . , , * * ,* ,
* * * *


You could see an ogre (drained) and a hobgoblin.

Vanquished Creatures
  Edmund (D:4)
  A howler monkey (D:4)
  A crimson imp (D:3)
  Ijyb (D:3)
  An orc wizard (D:3)
  Robin (D:3)
  An adder (D:3)
  A worm (D:3)
  2 dart slugs
  9 orcs
  8 ball pythons
  3 bats
  3 endoplasms
  A giant cockroach (D:3)
  8 hobgoblins
  11 jackals
  2 quokkas
  4 frilled lizards
  23 goblins
  A goblin zombie (D:3)
  8 kobolds
  3 kobold skeletons (D:3)
  5 orc skeletons (D:3)
  3 orc zombies (D:3)
  6 rats
108 creatures vanquished.

Notes
Turn   | Place    | Note
-------+----------+-------------------------------------------
     0 | D:1      | kipponium the Meteoran Reaver began the quest for the Orb.
     0 | D:1      | Reached XP level 1. HP: 17/17 MP: 5/5
   103 | D:1      | Reached XP level 2. HP: 24/24 MP: 6/6
   360 | D:1      | Reached skill level 4 in Long Blades
   429 | D:1      | Found Buloleg's Antique Armour Emporium.
   452 | D:1      | Reached skill level 1 in Necromancy
   495 | D:1      | Glimpsed the power of Zot.
   533 | D:1      | Reached XP level 3. HP: 18/26 MP: 8/8
   544 | D:1      | Glimpsed the power of Zot.
   878 | D:2      | Reached XP level 4. HP: 30/36 MP: 9/9
  1161 | D:3      | Found a burning altar of Makhleb.
  1163 | D:3      | Noticed a cacodemon
  1168 | D:3      | Found a glowing silver altar of Zin.
  1168 | D:3      | Noticed an angel
  1273 | D:3      | Noticed Robin
  1283 | D:3      | Killed Robin
  1286 | D:3      | Reached skill level 5 in Long Blades
  1288 | D:3      | Reached XP level 5. HP: 13/40 MP: 10/10
  1305 | D:3      | HP: 2/40 [jackal (3)]
  1307 | D:3      | Gained mutation: Your muscles are strong. (Str +4, Int/Dex
                  | -1) [potion of mutation]
  1307 | D:3      | Gained mutation: You have sharp toenails. [potion of
                  | mutation]
  1307 | D:3      | Gained mutation: You are dopey. (Int -2) [potion of
                  | mutation]
  1313 | D:3      | Found a glowing golden altar of the Shining One.
  1396 | D:3      | Reached skill level 6 in Long Blades
  1396 | D:3      | Reached XP level 6. HP: 37/48 MP: 11/11
  1451 | D:3      | Found a shadowy altar of Dithmenos.
  1652 | D:3      | Noticed Ijyb
  1680 | D:3      | Glimpsed the power of Zot.
  1685 | D:3      | Killed Ijyb
  1730 | D:3      | Glimpsed the power of Zot.
  1770 | D:3      | Glimpsed the power of Zot.
  1816 | D:4      | Noticed Edmund
  1824 | D:4      | Killed Edmund
  1825 | D:4      | Reached skill level 7 in Long Blades
  1825 | D:4      | Reached XP level 7. HP: 18/42 MP: 7/12
  1855 | D:4      | Reached skill level 5 in Conjurations
  1912 | D:4      | Reached skill level 1 in Maces & Flails
  1963 | D:4      | Mangled by an ogre

Illustrated notes

Levels and vault maps discovered:
D:1:      dpeg_arrival_court, layout_loops_ring, serial_shops,
          nicolae_shop_trees
D:2:      layout_basic, chequers_serial_rivers_small_b, hangedman_feature_mirror
D:3:      kennysheep_goblin_castle, layout_loops_corners,
          grunt_temple_overflow_order_and_chaos_2, nicolae_tso_besieged_by_evil,
          grunt_dithmenos_smoke_and_mirrors, minmay_misc_feat_room,
          grunt_ministairs_1, uniq_ijyb, uniq_robin
D:4:      layout_rooms, kennysheep_slug_shrine,
          hangedman_abyss_or_decor_lesser_grid, uniq_edmund, uniq_blork_the_orc

Skill      XL: |  1  2  3  4  5  6  7 |
---------------+----------------------+-----
Long Blades    | 4 5 6 7 |  7.1
Conjurations   | 4 5 |  5.1
Necromancy     | 1 2 3 |  3.1
Maces & Flails | 1 |  1.0
Fighting       | |  2.1
Dodging        | |  2.4
Spellcasting   | |  2.6

Action                   |  1- 3 |  4- 6 |  7- 9 || total
-------------------------+-------+-------+-------++-------
Melee: Falchion          |   128 |   215 |       ||   343
       Punch             |     2 |     1 |       ||     3
       Kick              |       |    37 |     7 ||    44
       Dire flail        |       |       |    26 ||    26
Throw: Dart              |       |     8 |     2 ||    10
 Cast: Kiss of Death     |     1 |     5 |       ||     6
  Use: Potion            |       |     7 |       ||     7
       Scroll            |       |     5 |       ||     5
Armor: Leather armour    |    33 |   131 |     5 ||   169
Dodge: Dodged            |    69 |   221 |    23 ||   313

Table legend: (Time is in decaauts)
 A = Elapsed time spent in this place.
 B = Non-inter-level travel time spent in this place.
 C = Inter-level travel time spent in this place.
 D = Time resting spent in this place.
 E = Time spent auto-exploring this place.
 F = Levels seen in this place.
 G = Mean time per level.
                   A        B        C        D        E       F      G
               +--------+--------+--------+--------+--------+-----+--------+
         Total |   1988 |   1901 |     87 |      0 |   1122 |   4 |  497.0 |
       Dungeon |   1988 |   1901 |     87 |      0 |   1122 |   4 |  497.0 |
               +--------+--------+--------+--------+--------+-----+--------+

Top non-repeatable levels by time:
     D:3: 801 daAuts
     D:1: 567 daAuts
     D:2: 432 daAuts
     D:4: 187 daAuts
